 Dungeon Crawl Stone Soup version 0.30-a0-743-gbfdf073431 (webtiles) character file.

Game seed: 1102123936461902558

16256 M4edhros the Martial Artist (level 12, -2/121 HPs)
             Began as an Octopode Transmuter on Feb 4, 2023.
             Was a High Priest of Cheibriados.
             Constricted to death by Jorgrun (13 damage)
             ... on level 13 of the Dungeon on Feb 5, 2023.
             The game lasted 00:41:18 (5574 turns).

M4edhros the Martial Artist (Octopode Transmuter)   Turns: 5574, Time: 00:41:19

Health: -2/121     AC: 30    Str: 23    XL:     12   Next: 35%
Magic:  12/20      EV: -1    Int: 28    God:    Cheibriados [*****.]
Gold:   107        SH:  5    Dex: 30    Spells: 10/22 levels left

rFire   + . .      SeeInvis .      - Unarmed
rCold   x . .      Faith    .    (no shield)
rNeg    . . .      Spirit   .    (helmet currently unavailable)
rPois   +          Reflect  +    s - amulet of reflection
rElec   .          Harm     .    c - +4 ring of protection
rCorr   .          Rampage  .    f - ring of the Enemy {Wiz Will++}
Will    ++...      NoTele   +    v - ring of fire
Stlth   ++                       (no ring)
HPRegen 0.40/turn                (no ring)
MPRegen 0.17/turn                (no ring)
                                 (no ring)
                                 (no ring)

@: tree-form, grasped by roots, constricted, very slow
A: stationary, stasis, torment immunity, boosted hp, almost no armour,
(amphibious), 8 rings, (camouflage 1), (gelatinous body 1), (nimble swimmer 1),
(tentacles)
a: Renounce Religion, Bend Time, Temporal Distortion, Slouch, Step From Time


You were on level 13 of the Dungeon.
You worshipped Cheibriados.
Cheibriados was extremely pleased with you.
You were a tree.
You visited 2 branches of the dungeon, and saw 15 of its levels.

You collected 891 gold pieces.
You spent 784 gold pieces at shops.

Inventory:

Missiles
 j - 62 poisoned darts
 k - 3 throwing nets
 l - a curare-tipped dart
 r - 5 silver javelins
Armour
 d - a +3 tower shield
Jewellery
 c - a +4 ring of protection (left branch)
 f - the ring of the Enemy (right branch) {Wiz Will++}
   (You bought it in a shop on level 6 of the Dungeon)

   [ring of wizardry]

   It improves your spell success rate.
   Will:      It greatly increases your willpower.
 s - an amulet of reflection (around neck)
 v - a ring of fire (on tentacle)
Wands
 a - a wand of mindburst (3)
 m - a wand of roots (8)
Scrolls
 b - a scroll of vulnerability
 e - 3 scrolls of enchant weapon
 i - a scroll of torment
 n - a scroll of noise
 u - a scroll of butterflies {unknown}
Potions
 h - 2 potions of curing
 o - a potion of mutation {unknown}
 p - a potion of lignification
 q - 2 potions of magic {unknown}
 t - a potion of invisibility {unknown}


   Skills:
 - Level 7.0 Fighting
 - Level 9.0 Dodging
 - Level 10.0 Unarmed Combat
 * Level 5.7 Spellcasting
 - Level 5.0 Necromancy
 - Level 5.0 Transmutations
 - Level 3.0 Ice Magic
 + Level 7.5 Earth Magic
 - Level 4.0 Poison Magic
 - Level 5.0 Invocations


You had 10 spell levels left.
You knew the following spells:

 Your Spells              Type           Power      Damage    Failure   Level
a - Ice Form              Ice/Tmut       30%        N/A       4%          4
b - Spider Form           Tmut/Pois      33%        N/A       1%          3
c - Borgnjor's Vile Clut  Necr/Erth      21%        N/A       5%          5

Your spell library contained the following spells:

 Spells                   Type           Power      Damage    Failure   Level
 Beastly Appendage        Tmut           72%        N/A       1%          1
 Necrotise                Necr           100%       1d9       1%          1
 Cigotuvi's Dreadful Rot  Necr/Pois/Air  48%        N/A       1%          2
 Ensorcelled Hibernation  Hex/Ice        32%        N/A       1%          2
 Passwall                 Tmut/Erth      35%        N/A       1%          2
 Sublimation of Blood     Necr           36%        N/A       1%          2
 Wereblood                Tmut           36%        N/A       1%          2
 Vampiric Draining        Necr           36%        2d8       1%          3
 Ignite Poison            Fire/Tmut/Pois 37%        N/A       2%          3
 Dispel Undead            Necr           36%        3d15      3%          4
 Hailstorm                Conj/Ice       16%        3d6       4%          3
 Swiftness                Air            8%         N/A       8%          3
 Agony                    Necr           36%        N/A       9%          5
 Blade Hands              Tmut           18%        N/A       9%          5
 Death Channel            Necr           18%        N/A       43%         6
 Simulacrum               Ice/Necr       15%        N/A       56%         6
 Iron Shot                Conj/Erth      14%        9d4       58%         6
 Animate Armour           Summ/Erth      Unusable   N/A       N/A         4

Dungeon Overview and Level Annotations

Branches:
Dungeon (13/15)            Temple (0/1) D:5            Lair (0/5) D:9
    Orc (2/2) D:9
    Elf: Orc:2       Vaults: D:13-14

Altars:
Ashenzari
Cheibriados
Elyvilon
Gozag
Hepliaklqana
Okawaru
Qazlal
Ru
Trog
Uskayaw
Vehumet
Wu Jian
Xom
Yredelemnul

Shops:
D:6 (=(   D:11 *

Annotations:
D:13 Jorgrun


Innate Abilities, Weirdness & Mutations

You are a tree.
Your roots penetrate the ground, keeping you stationary.
You cannot be teleported.
You are immune to unholy pain and torment.
Your maximum health is greatly increased.
You cannot wear most types of armour.
((You are amphibious.))
You can wear up to eight rings at the same time.
((Your skin changes colour to match your surroundings (Stealth+).))
((Your rubbery body absorbs attacks. (AC +1, EV +1)))
((You are camouflaged when in or above water. (Stealth+)))
((You have tentacles for arms and can constrict up to eight enemies at once.))


Message History

Okay, then.
Casting: Borgnjor's Vile Clutch (dangerous; 5% risk of failure)
Confirm with . or Enter, or press ? or * to list all spells.
You extend your transformation's duration.
The zombie hands constrict Jorgrun.
Jorgrun barely misses you.
You hit Jorgrun. You freeze Jorgrun.
Jorgrun is moderately wounded.
The zombie hands constrict Jorgrun.
You block Jorgrun's attack.
You punch Jorgrun! You freeze Jorgrun.
Jorgrun is heavily wounded.
The zombie hands constrict Jorgrun!
Jorgrun points at you and mumbles some strange words.
Roots burst forth from the earth!
The grasping roots grab you! The grasping roots constrict you.
You pummel Jorgrun!! You freeze Jorgrun.
Jorgrun is severely wounded.
The zombie hands constrict Jorgrun!
You block Jorgrun's attack. The grasping roots constrict you!
The roots grasp on you weakens, but your attempt to escape fails.
The zombie hands constrict Jorgrun!
Jorgrun hits you but does no damage. Jorgrun shatters you!
* * * LOW HITPOINT WARNING * * *
The grasping roots constrict you!
* * * LOW HITPOINT WARNING * * *
You feel much better.
The zombie hands constrict Jorgrun.
The zombie hands release their grip on Jorgrun.
Jorgrun closely misses you. The grasping roots constrict you!
Really quaff the potion of lignification?
You warm up again.
You turn into a tree.
Your roots penetrate the ground.
Jorgrun casts a spell at you. The iron shot hits you!!
* * * LOW HITPOINT WARNING * * *
The grasping roots constrict you.
* * * LOW HITPOINT WARNING * * *
You feel better. Jorgrun hits you with a staff of earth!
* * * LOW HITPOINT WARNING * * *
The grasping roots constrict you!
You die...

#.###.))......#
#....#
##<########
#.#### #.# #.#
#........# #.#
######.#.# #.#
#.#.# #.# ... .
#.# ... ##
#.###.# ...
#..g♣.# #.#.#
#.#####


You could see Jorgrun.

Vanquished Creatures
  Josephine (D:11)
  Harold (D:10)
  A centaur warrior (D:13)
  2 two-headed ogres
  A boulder beetle (D:11)
  Urug (D:10)
  Amaemon (D:9)
  An ugly thing (D:12)
  2 cyclopes
  2 manticores
  A gargoyle (D:11)
  An orange demon (D:9)
  A komodo dragon (D:10)
  An unseen horror (D:11)
  A troll (D:13)
  2 hornets
  A basilisk (shapeshifter) (D:13)
  4 wraiths (D:11)
  12 yaks
  A steam dragon (D:7)
  3 wargs (D:9)
  2 acid dragons (D:11)
  An ice beast (D:7)
  11 orc warriors
  A meliai simulacrum (D:11)
  3 ogres
  A phantom (D:5)
  5 centaurs
  7 kobold brigands
  A gnoll sergeant (D:11)
  2 scorpions
  4 bullfrogs
  3 necrophages
  15 wights
  A howler monkey (D:5)
  3 hounds
  2 jellies
  A gnoll bouda (D:6)
  5 orc priests
  17 orc wizards
  2 iguanas
  15 gnolls
  4 adders
  An ufetubus (D:6)
  4 worms
  5 dart slugs
  40 orcs
  7 endoplasms
  3 giant cockroaches
  4 hobgoblins
  4 jackals (D:3)
  7 quokkas
  3 ball pythons
  4 bats
  2 frilled lizards (D:2)
  4 goblins
  36 kobolds
  3 rats
274 creatures vanquished.

Vanquished Creatures (others)
  9 plants
9 creatures vanquished.

Grand Total: 283 creatures vanquished

Notes
Turn   | Place    | Note
-------+----------+-------------------------------------------
     0 | D:1      | M4edhros the Octopode Transmuter began the quest for the
                  | Orb.
     0 | D:1      | Reached XP level 1. HP: 13/13 MP: 3/3
     9 | D:1      | Found a faded altar of an unknown god.
    25 | D:1      | Prayed at the altar of an unknown god.
    25 | D:1      | Became a worshipper of Elyvilon the Healer
    25 | D:1      | Reached * piety under Elyvilon
   104 | D:1      | Reached XP level 2. HP: 11/18 MP: 5/5
   203 | D:2      | Reached XP level 3. HP: 23/23 MP: 6/6
   207 | D:2      | Learned a level 3 spell: Spider Form
   241 | D:3      | Identified the +4 sling of Monotz {speed, rPois rF++ Str+2
                  | Int-4}
   319 | D:4      | Reached ** piety under Elyvilon
   341 | D:5      | Entered Level 5 of the Dungeon
   357 | D:5      | Reached skill level 1 in Poison Magic
   378 | D:5      | Noticed a necrophage
   390 | D:5      | Reached skill level 4 in Unarmed Combat
   390 | D:5      | Reached XP level 4. HP: 19/28 MP: 3/7
   399 | D:5      | Killed a necrophage
   400 | D:5      | Reached XP level 5. HP: 20/33 MP: 1/8
   464 | D:4      | Found a radiant altar of Vehumet.
   622 | D:5      | Found an iron altar of Okawaru.
   661 | D:5      | Reached skill level 5 in Unarmed Combat
   699 | D:5      | Found a snail-covered altar of Cheibriados.
   707 | D:5      | Fell from the grace of Elyvilon
   707 | D:5      | Became a worshipper of Cheibriados the Contemplative
   815 | D:3      | Reached XP level 6. HP: 38/38 MP: 9/9
  1101 | D:2      | Reached * piety under Cheibriados
  1137 | D:3      | Found a bloodstained altar of Trog.
  1176 | D:3      | Found a hazy altar of Hepliaklqana.
  1176 | D:3      | Found an ornate altar of the Wu Jian Council.
  1235 | D:3      | Reached skill level 6 in Unarmed Combat
  1695 | D:5      | Reached XP level 7. HP: 36/43 MP: 5/10
  1713 | D:5      | Found a staircase to the Ecumenical Temple.
  1750 | D:5      | Reached ** piety under Cheibriados
  1897 | D:6      | Found Zeufeet's Jewellery Shop.
  1933 | D:6      | Found a white marble altar of Elyvilon.
  1980 | D:6      | Reached skill level 7 in Unarmed Combat
  2006 | D:6      | Found a hide-covered altar of Uskayaw.
  2045 | D:6      | Reached XP level 8. HP: 29/52 MP: 8/11
  2091 | D:6      | Found Zehodune's Antique Weapon Shoppe.
  2234 | D:6      | Learned a level 4 spell: Ice Form
  2252 | D:7      | Reached *** piety under Cheibriados
  2323 | D:6      | Found a basalt altar of Yredelemnul.
  2335 | D:6      | Found Toattuq's Weapon Emporium.
  2345 | D:6      | Got the Exposition on Corpses
  2394 | D:6      | Reached skill level 1 in Ice Magic
  2657 | D:7      | Reached XP level 9. HP: 50/58 MP: 7/12
  2824 | D:8      | Reached skill level 5 in Dodging
  2825 | D:8      | Reached **** piety under Cheibriados
  2833 | D:8      | Found a sacrificial altar of Ru.
  2841 | D:8      | Noticed a hornet
  2868 | D:8      | Reached skill level 8 in Unarmed Combat
  2868 | D:8      | Reached skill level 5 in Transmutations
  2870 | D:8      | Reached skill level 5 in Fighting
  2910 | D:8      | Killed a hornet
  2990 | D:8      | Reached XP level 10. HP: 28/68 MP: 12/16
  3361 | D:9      | Noticed Amaemon
  3361 | D:9      | Noticed an orange demon
  3373 | D:9      | Killed Amaemon
  3374 | D:9      | Reached skill level 9 in Unarmed Combat
  3375 | D:9      | HP: 2/68 [orange demon[Amaemon] (11)]
  3376 | D:9      | Killed an orange demon
  3502 | D:9      | Noticed a two-headed ogre
  3509 | D:9      | Killed a two-headed ogre
  3575 | D:9      | Found an opulent altar of Gozag.
  3787 | D:9      | Found a staircase to the Orcish Mines.
  3796 | Orc:1    | Entered Level 1 of the Orcish Mines
  3809 | Orc:1    | Reached skill level 10 in Unarmed Combat
  3995 | D:6      | Bought the ring of the Enemy {Wiz Will++} for 612 gold
                  | pieces
  4106 | Orc:1    | Learned a level 5 spell: Borgnjor's Vile Clutch
  4130 | Orc:2    | Entered Level 2 of the Orcish Mines
  4184 | Orc:2    | Reached skill level 1 in Necromancy
  4184 | Orc:2    | Reached skill level 1 in Earth Magic
  4185 | Orc:2    | Reached ***** piety under Cheibriados
  4284 | D:9      | Found a staircase to the Lair.
  4293 | D:9      | Reached XP level 11. HP: 75/75 MP: 8/17
  4419 | D:10     | Entered Level 10 of the Dungeon
  4477 | D:10     | Found a shimmering altar of Xom.
  4488 | D:10     | Noticed Harold
  4496 | D:10     | Killed Harold
  4590 | D:10     | Reached skill level 5 in Invocations
  4645 | D:10     | Got the Secrets of Viperous Composition
  4653 | D:10     | Found a stormy altar of Qazlal.
  4654 | D:10     | Found a broken altar of Ashenzari.
  4668 | D:10     | Noticed Urug
  4753 | D:11     | Found Atiecoravo's Assorted Antiques.
  4771 | D:11     | Bought a potion of lignification for 75 gold pieces
  4771 | D:11     | Bought a brown potion for 22 gold pieces
  4771 | D:11     | Bought a potion of lignification for 75 gold pieces
  4811 | D:11     | Noticed Josephine
  4825 | D:11     | Killed Josephine
  4826 | D:11     | Reached skill level 5 in Earth Magic
  4905 | D:10     | Killed Urug
  5008 | D:10     | Upgraded the game from 0.30-a0-739-gea05faddec to
                  | 0.30-a0-743-gbfdf073431
  5192 | D:11     | Noticed a two-headed ogre
  5201 | D:11     | Killed a two-headed ogre
  5233 | D:11     | Noticed a boulder beetle
  5242 | D:11     | Killed a boulder beetle
  5256 | D:11     | Noticed a cyclops
  5256 | D:11     | Noticed a cyclops
  5257 | D:11     | Noticed a two-headed ogre
  5292 | D:11     | Noticed a cyclops
  5302 | D:11     | Reached XP level 12. HP: 81/81 MP: 10/18
  5309 | D:11     | Reached skill level 5 in Necromancy
  5476 | D:13     | Noticed a centaur warrior
  5485 | D:13     | Reached skill level 5 in Spellcasting
  5491 | D:13     | Killed a centaur warrior
  5561 | D:13     | Noticed Jorgrun
  5574 | D:13     | Constricted to death by Jorgrun

Illustrated notes

Levels and vault maps discovered:
D:1:      dpeg_arrival_radiant, layout_basic, serial_forest,
          infiniplex_forest_clump_small, infiniplex_forest_lined_3_way,
          infiniplex_forest_lined_room_2, infiniplex_forest_lined_2,
          infiniplex_forest_clump_long, infiniplex_forest_end_2,
          infiniplex_forest_lined_3_way, ebering_ecumenical_altar_abandoned,
          hangedman_decor_clover_reticule
D:2:      layout_basic
D:3:      layout_rooms, gammafunk_temple_overflow_elements,
          lightli_temple_of_fire, chequers_mini_garden, reono_crystal_passage,
          minmay_bisected
D:4:      layout_cave_pools, nicolae_vehumet_altar_sigil
D:5:      layout_loops_ring, mainiacjoe_overflow_catch_the_wave,
          minmay_temple_entry_glassed_door, bh_walls_and_bars
D:6:      layout_layer_cave, kennysheep_mini_moat, kennysheep_mini,
          nicolae_overflow_crystal_walls, serial_shops, shop_coins,
          nicolae_shop_behind_doors, nicolae_stop_n_shop_2
D:7:      layout_basic
D:8:      old_forge, layout_basic, amcnicky_altar_gilded,
          minmay_misc_feat_nine_boxes
D:9:      layout_basic, mainiacjoe_overflow_alcove_1, erik_lair_orcish_takeover,
          david_orc_4, uniq_amaemon
D:10:     layout_roguey, xom_teletrap_fun, mainiacjoe_overflow_divided_tiny,
          uniq_harold, uniq_urug
D:11:     minmay_slanted_spiral_squares, layout_loops_cross, serial_shops, shop,
          st_stairs_10, kennysheep_generic_room_16, uniq_erica, uniq_psyche,
          uniq_josephine
D:12:     layout_loops_ring
D:13:     layout_loops_cross, david_vaults_2, uniq_jorgrun
Orc:1:    layout_caves
Orc:2:    st_orc_ogre_mass, layout_diamond_mine,
          chequers_guarded_unrand_ignorance

Skill      XL: |  1  2  3  4  5  6  7  8  9 10 11 12 |
---------------+-------------------------------------+-----
Transmutations | 3 4 5 |  5.0
Poison Magic   | 2 3 4 |  4.0
Unarmed Combat | 4 5 6 7 8 10 | 10.0
Fighting       | 3 4 5 7 |  7.0
Dodging        | 3 4 6 8 9 |  9.0
Ice Magic      | 2 3 |  3.0
Spellcasting   | 4 5 |  5.7
Necromancy     | 2 4 5 |  5.0
Earth Magic    | 2 6 7 |  7.5
Invocations    | 2 5 |  5.0

Action                     |  1- 3 |  4- 6 |  7- 9 | 10-12 || total
---------------------------+-------+-------+-------+-------++-------
  Melee: Unarmed           |    43 |   116 |   225 |   283 ||   667
         Constrict         |     8 |    17 |     3 |     2 ||    30
         Tentacles         |     8 |    16 |     4 |     1 ||    29
         Punch             |     1 |     1 |       |       ||     2
         Kick              |       |     2 |       |       ||     2
   Fire: Sling             |    29 |    21 |       |       ||    50
   Cast: Spider Form       |     1 |    12 |    23 |     7 ||    43
         Beastly Appendage |       |     1 |       |       ||     1
         Ice Form          |       |       |       |    31 ||    31
         Borgnjor's Vile C |       |       |       |     8 ||     8
 Invoke: Slouch            |       |       |     1 |     3 ||     4
  Evoke: Wand              |       |       |     4 |    10 ||    14
    Use: Scroll            |       |    10 |     3 |     5 ||    18
         Potion            |       |       |     6 |     6 ||    12
   Stab: Sleeping          |     3 |     4 |       |       ||     7
 Armour: Skin              |     5 |    28 |    75 |    92 ||   200
  Dodge: Dodged            |    27 |    79 |   190 |   251 ||   547
  Block: Other             |       |       |       |    20 ||    20
         Reflection        |       |       |       |     4 ||     4

Table legend: (Time is in decaauts)
 A = Elapsed time spent in this place.
 B = Non-inter-level travel time spent in this place.
 C = Inter-level travel time spent in this place.
 D = Time resting spent in this place.
 E = Time spent auto-exploring this place.
 F = Levels seen in this place.
 G = Mean time per level.
                   A        B        C        D        E       F      G
               +--------+--------+--------+--------+--------+-----+--------+
         Total |   7858 |   6796 |   1062 |     98 |     16 |  15 |  523.9 |
       Dungeon |   7537 |   6508 |   1029 |     98 |     16 |  13 |  579.8 |
  Orcish Mines |    321 |    288 |     33 |      0 |      0 |   2 |  160.5 |
               +--------+--------+--------+--------+--------+-----+--------+

Top non-repeatable levels by time:
     D:7: 1013 daAuts
     D:9: 963 daAuts
    D:10: 919 daAuts
     D:8: 835 daAuts
     D:6: 637 daAuts
     D:2: 590 daAuts
    D:11: 568 daAuts
     D:5: 526 daAuts
     D:3: 438 daAuts
     D:1: 425 daAuts
     D:4: 270 daAuts
   Orc:1: 205 daAuts
    D:12: 199 daAuts
    D:13: 149 daAuts
   Orc:2: 116 daAuts
